 Dungeon Crawl Stone Soup version 0.25.0-9-g26727b6 (webtiles) character file.

Game seed: 8189328641872645876

41836 sauken the Fencer (level 14, -5/116 HPs)
             Began as a Formicid Fighter on June 16, 2020.
             Was a High Priest of Makhleb.
             Slain by a salamander
             ... wielding a +4 spear
              (8 damage)
             ... in a volcano on June 17, 2020.
             The game lasted 00:22:32 (19502 turns).

sauken the Fencer (Formicid Fighter)               Turns: 19502, Time: 00:22:32

Health: -5/116     AC: 17    Str: 27    XL:     14   Next: 52%
Magic:  18/18      EV: 13    Int:  9    God:    Makhleb [*****.]
Gold:   951        SH: 12    Dex: 10    Spells: 13/13 levels left

rFire    + + .     SeeInvis +   q - +1 scimitar (flame)
rCold    + . .     Gourm    .   c - +0 kite shield
rNeg     . . .     Faith    .   B - +1 swamp dragon scales
rPois    +         Spirit   .   (helmet unavailable)
rElec    +         Reflect  .   p - +0 cloak
rCorr    +         Harm     .   S - +1 pair of gloves
MR       +....                  (no boots)
Stlth    ..........             C - amulet of regeneration {+regen, !d}
HPRegen  0.69/turn              w - ring of flight {+Fly, !d}
MPRegen  0.16/turn              o - ring of protection from fire {rF+, !d}

@: resistant
A: permanent stasis, dig shafts and tunnels, four strong arms, antennae 3,
hooves 1, molten scales 1, shaggy fur 1, strong 1
a: Dig, Shaft Self, Minor Destruction, Lesser Servant of Makhleb, Major
Destruction, Greater Servant of Makhleb, Renounce Religion, Evoke Flight


You were in a volcano.
You worshipped Makhleb.
Makhleb was extremely pleased with you.
You were not hungry.

You visited 3 branches of the dungeon, and saw 16 of its levels.
You also visited: Sewer and Volcano.

You collected 951 gold pieces.

Inventory:

Hand Weapons
 q - a +1 scimitar of flaming (weapon)
   (You took it off Erica on level 2 of the Lair of Beasts)
Missiles
 a - a throwing net {=f, !d}
 L - 30 poisoned darts (quivered)
Armour
 b - a +0 scale mail
 c - a +0 kite shield (worn)
 k - a +0 chain mail
   (You took it off an orc on level 5 of the Dungeon)
 p - a +0 cloak (worn)
   (You took it off Crazy Yiuf on level 5 of the Dungeon)
 r - a +0 plate armour
   (You found it on level 3 of the Dungeon)
 B - +1 swamp dragon scales (worn)
   (You took it off Maggie on level 10 of the Dungeon)
 I - a +2 buckler
   (You found it on level 9 of the Dungeon)
 S - a +1 pair of gloves (worn)
   (You found it on level 1 of the Lair of Beasts)
 T - +0 steam dragon scales
   (You found it on level 10 of the Dungeon)
Magical Staves
 D - an uncursed staff of air {rElec}
   (You took it off an orc wizard on level 7 of the Dungeon)
Jewellery
 i - an uncursed ring of protection from cold {rC+, !d}
   (You found it on level 5 of the Dungeon)
 o - a ring of protection from fire (right hand) {rF+, !d}
   (You found it on level 3 of the Dungeon)
 w - a ring of flight (left hand) {+Fly, !d}
   (You found it on level 5 of the Dungeon)
 C - an amulet of regeneration (around neck) {+regen, !d}
   (You found it on level 8 of the Dungeon)
 J - a cursed amulet of inaccuracy {unknown}
   (You found it on level 4 of the Lair of Beasts)
 M - an uncursed ring of positive energy {rN+}
   (You found it on level 9 of the Dungeon)
 O - an uncursed ring of stealth {Stlth+}
   (You found it on level 10 of the Dungeon)
 Q - an uncursed ring of positive energy {rN+}
   (You found it on level 5 of the Lair of Beasts)
Wands
 m - a wand of disintegration (8)
   (You took it off Maurice on level 8 of the Dungeon)
 s - a wand of acid (19)
   (You found it on level 8 of the Dungeon)
 y - a wand of iceblast (9)
   (You found it on level 5 of the Dungeon)
 z - a wand of random effects (32)
   (You took it off Crazy Yiuf on level 5 of the Dungeon)
 A - a wand of paralysis (5)
   (You found it on level 4 of the Lair of Beasts)
 E - a wand of flame (16)
   (You took it off Joseph on level 7 of the Dungeon)
 K - a wand of polymorph (12)
   (You found it on level 9 of the Dungeon)
Scrolls
 g - 2 scrolls of noise {!r}
 j - 3 scrolls of remove curse
 n - 5 scrolls of amnesia
 v - a scroll of immolation {!r}
 x - 2 scrolls of random uselessness
 G - 5 scrolls of identify
Potions
 e - 4 potions of stabbing
 h - a potion of lignification {!q}
 l - a potion of flight
 t - 4 potions of haste
 u - 2 potions of mutation {!q}
 F - 2 potions of heal wounds
 N - a potion of brilliance
 R - a potion of might
Miscellaneous
 P - a phantom mirror
Comestibles
 f - 25 rations


   Skills:
 + Level 12.8 Fighting
 * Level 15.7 Long Blades
 + Level 9.5 Armour
 - Level 5.1 Dodging
 + Level 10.6 Shields
 + Level 5.6 Invocations


You had 13 spell levels left.
You didn't know any spells.
Your spell library contained the following spells:

 Spells                   Type           Power        Failure   Level  Hunger
 Animate Skeleton         Necr           N/A          50%         1    ##.....
 Apportation              Tloc           #.....       50%         1    ##.....
 Corona                   Hex            #......      50%         1    ##.....
 Summon Small Mammal      Summ           #...         50%         1    ##.....


Dungeon Overview and Level Annotations

Branches:
Dungeon (10/15)            Temple (1/1) D:4            Lair (5/6) D:10
 Shoals (0/4) Lair:2        Snake (0/4) Lair:2          Orc (0/2) D:9
  Sewer (visited)         Volcano (1/1)
  Slime: Lair:5-6

Altars:
Ashenzari
Cheibriados
Dithmenos
Elyvilon
Fedhas
Gozag
Hepliaklqana
Kikubaaqudgha
Makhleb
Nemelex Xobeh
Okawaru
Qazlal
Ru
Sif Muna
Trog
Uskayaw
Vehumet
Wu Jian
Xom
Yredelemnul
Zin
The Shining One

Annotations:
Lair:4 exclusion: 3 oklob plants


Innate Abilities, Weirdness & Mutations

You cannot be hasted, slowed, berserked, paralysed or teleported.
You can dig through walls and to a lower floor.
Your four strong arms can wield two-handed weapons with a shield.
You have a pair of large antennae on your head. (SInv)
You have large cloven feet.
You are partially covered in molten scales. (AC +2)
You are covered in fur. (AC +1)
Your muscles are strong. (Str +2)


Message History

The salamander hits you from afar with a +4 spear!
You are engulfed in flames.
You resist.
Things that are here:
a +0 quarterstaff; a +0 robe; a salamander corpse You take 21 damage, and have 80/116 hp.
You slash the salamander! Your kick misses the salamander.
The salamander hits you but does no damage.
You block the salamander's attack.
Unknown command.
You hit the salamander.
You kick the salamander, but do no damage.
You block the salamander's attack.
The salamander hits you from afar with a +4 spear.
You are engulfed in flames.
You resist.
You take 5 damage, and have 75/116 hp.
Unknown command.
You hit the salamander.
The salamander hits you with a +0 halberd!
You are engulfed in flames.
You resist.
The salamander hits you from afar with a +4 spear.
You are engulfed in flames.
You resist.
You take 18 damage, and have 57/116 hp.
You slash the salamander!
You kill the salamander!
Makhleb accepts your kill.
You feel better. You block the salamander's attack.
You regained 12 hp, and now have 69/116 hp.
Unknown command.
You block the salamander's attack.
The salamander hits you from afar with a +0 halberd.
You are engulfed in flames.
You resist. You block the salamander's attack.
You see here a +0 halberd.
You take 7 damage, and have 62/116 hp.
Unknown command.
You hit the salamander but do no damage.
You kick the salamander, but do no damage.
You block the salamander's attack.
You barely miss the salamander.
You kick the salamander, but do no damage.
The salamander hits you but does no damage.
The salamander misses you.
Unknown command.
You hit the salamander.
You kick the salamander, but do no damage.
The salamander hits you with a +4 spear.
You are engulfed in flames.
You resist.
The salamander hits you but does no damage.
You take 7 damage, and have 56/116 hp.
You barely miss the salamander. Your kick misses the salamander.
The salamander barely misses you.
You riposte.
You hit the salamander. You barely miss the salamander.
The salamander hits you from afar with a +0 halberd!
You are engulfed in flames.
You resist. You block the salamander's attack.
You take 11 damage, and have 45/116 hp.
You barely miss the salamander. You kick the salamander.
You block the salamander's attack.
You hit the salamander. You kick the salamander.
You block the salamander's attack. The salamander barely misses you.
You riposte.
You hit the salamander but do no damage.
You kick the salamander, but do no damage.
Unknown command.
You hit the salamander but do no damage.
You kick the salamander. You block the salamander's attack.
Unknown command.
You closely miss the salamander.
You kick the salamander, but do no damage.
The salamander closely misses you. The salamander barely misses you.
You barely miss the salamander. You block the salamander's attack. x2
You closely miss the salamander. You kick the salamander.
You block the salamander's attack.
You hit the salamander but do no damage.
You kick the salamander, but do no damage.
The salamander hits you but does no damage.
The salamander hits you from afar with a +0 halberd!
* * * LOW HITPOINT WARNING * * *
You are engulfed in flames.
You resist.
* * * LOW HITPOINT WARNING * * *
You take 20 damage, and have 27/116 hp.
You slash the salamander! You block the salamander's attack.
You hit the salamander. You block the salamander's attack.
The salamander hits you but does no damage.
You slice the salamander!!
You kick the salamander, but do no damage.
The salamander hits you with a +4 spear!
* * * LOW HITPOINT WARNING * * *
You are engulfed in flames.
You resist.
* * * LOW HITPOINT WARNING * * *
The salamander hits you from afar with a +0 halberd!
* * * LOW HITPOINT WARNING * * *
You are engulfed in flames.
You resist.
* * * LOW HITPOINT WARNING * * *
You take 26 damage, and have 2/116 hp.
MASSIVE DAMAGE!!
Unknown command.
Okay, then.
Okay, then.
Unknown command.
The salamander hits you from afar with a +4 spear!
You die...

§≈≈§§≈§§ §§ ≈≈§≈§§≈.# #######
§§§§≈≈≈.# +.....+ §§≈§§§§§# {
.8_8. { ≈≈≈≈§§≈.# ... §≈§§§§§.###
#N# ≈≈§≈≈≈§.#. #N# .≈°≈≈≈≈.# #)#
≈.○○≈≈..# #@# ≈§○≈○≈≈.# #.#
≈≈≈.≈≈≈.# { #.# { ≈§§§§§≈.# #.#
≈§≈§§§..########'######
§≈≈§§§≈§§§.§§...§§.§§....§≈≈§≈≈≈
≈≈§§≈≈§§≈§§§§≈≈§§§§§≈≈§≈§≈≈≈≈≈≈≈≈
≈§≈§§≈≈§§§§§≈§≈≈§≈≈§§≈§≈○≈≈≈≈≈≈≈≈
≈§§≈§≈§§§≈≈§§≈≈§§≈≈≈≈≈≈≈≈§§§§§≈≈≈


You could see 2 salamanders.

Vanquished Creatures
  Gastronok (Lair:3)
  5 hydras
  Erica (Lair:2)
  A two-headed ogre (D:8)
  Urug (Lair:5)
  A salamander mystic (Volcano)
  An unseen horror (D:10)
  Pikel (D:6)
  A salamander (Volcano)
  9 elephants (Lair:5)
  Joseph (D:7)
  4 black mambas
  2 merfolk sirens (Lair:2)
  Maurice (D:8)
  A gargoyle (D:10)
  7 spiny frogs
  Maggie (D:10)
  A rime drake (Lair:3)
  A komodo dragon (D:9)
  2 merfolk (Lair:2)
  Grinder (D:6)
  Prince Ribbit (D:8)
  2 trolls
  29 blink frogs
  6 hippogriffs
  34 yaks
  3 hogs (D:9)
  A wyvern (D:9)
  Eustachio (D:4)
  A fire bat (Volcano)
  A human (D:9)
  2 basilisks
  A hungry ghost (D:9)
  A steam dragon (D:10)
  Menkaure (D:6)
  10 water moccasins
  5 porcupines
  4 orc warriors
  4 phantoms
  3 ice beasts
  3 black bears
  A hornet zombie (D:10)
  2 sky beasts
  2 slaves (D:6)
  2 eyes of draining (D:8)
  5 ogres
  15 wolves
  6 centaurs
  9 crocodiles
  2 big kobolds
  13 bullfrogs
  A gnoll sergeant (D:6)
  5 scorpions
  2 troll zombies (D:9)
  9 killer bees
  5 electric eels
  5 wights (D:10)
  4 howler monkeys
  4 crimson imps
  6 lava snakes (Volcano)
  2 centaur zombies
  A quasit (D:6)
  An iron imp (D:8)
  7 orc priests
  6 hounds
  A jelly (D:6)
  10 orc wizards
  Crazy Yiuf (D:5)
  A bullfrog skeleton (D:9)
  3 centaur skeletons
  3 iguanas
  5 worker ants
  A statue (D:8)
  3 ogre zombies (D:9)
  A hound skeleton (D:6)
  2 worker ant zombies (D:9)
  14 adders
  11 gnolls
  A river rat (Sewer)
  3 shadow imps
  An ooze (D:1)
  2 worms
  2 dart slugs
  5 leopard geckos
  41 orcs
  A ball python (D:2)
  5 bats
  12 giant cockroaches
  10 goblins
  5 hobgoblins
  17 jackals
  5 quokkas
  7 frilled lizards
  A goblin skeleton (D:9)
  5 goblin zombies (D:9)
  3 hobgoblin zombies (D:9)
  11 kobolds
  10 orc zombies (D:9)
  A quokka zombie (D:6)
  14 rats
  A fungus (Lair:5)
491 creatures vanquished.

Vanquished Creatures (others)
  2 slaves (D:6)
  A quokka (D:6)
  A fungus (Lair:5)
  2 plants
6 creatures vanquished.

Grand Total: 497 creatures vanquished

Notes
Turn   | Place    | Note
-------+----------+-------------------------------------------
     0 | D:1      | sauken the Formicid Fighter began the quest for the Orb.
     0 | D:1      | Reached XP level 1. HP: 18/18 MP: 1/1
   162 | D:1      | Reached XP level 2. HP: 24/24 MP: 2/2
   626 | D:1      | Reached XP level 3. HP: 27/29 MP: 3/3
   631 | D:1      | Reached skill level 4 in Shields
  1195 | D:2      | Reached skill level 3 in Long Blades
  1385 | D:2      | Reached XP level 4. HP: 37/37 MP: 4/4
  1719 | D:2      | Found a bloodstained altar of Trog.
  1808 | D:2      | Found a white marble altar of Elyvilon.
  2018 | D:2      | Reached skill level 4 in Fighting
  2185 | D:3      | Reached XP level 5. HP: 19/42 MP: 5/5
  2360 | D:3      | Found a glowing drain.
  2409 | Sewer    | Entered a sewer
  2609 | Sewer    | Noticed a big kobold
  2664 | Sewer    | Killed a big kobold
  2664 | Sewer    | Reached skill level 4 in Long Blades
  2664 | Sewer    | Reached XP level 6. HP: 24/49 MP: 6/6
  2851 | Sewer    | Found a glowing silver altar of Zin.
  3079 | D:3      | Reached skill level 5 in Shields
  3347 | D:3      | Found a hazy altar of Hepliaklqana.
  3667 | D:4      | Noticed an ogre
  3674 | D:4      | Killed an ogre
  3775 | D:4      | Reached skill level 5 in Long Blades
  3953 | D:4      | Reached XP level 7. HP: 47/55 MP: 7/7
  4012 | D:4      | Noticed a +0 hand axe
  4013 | D:4      | Noticed a +0 hand axe
  4015 | D:4      | Found a hide-covered altar of Uskayaw.
  4124 | D:4      | Reached skill level 5 in Fighting
  4164 | D:4      | Noticed Eustachio
  4208 | D:4      | Killed Eustachio
  4541 | D:4      | Found a staircase to the Ecumenical Temple.
  4550 | Temple   | Entered the Ecumenical Temple
  4626 | Temple   | Became a worshipper of Makhleb the Destroyer
  4726 | D:4      | Reached skill level 6 in Long Blades
  4726 | D:4      | Reached skill level 6 in Shields
  5025 | D:5      | Entered Level 5 of the Dungeon
  5100 | D:5      | Reached XP level 8. HP: 60/63 MP: 8/8
  5672 | D:5      | Found a glowing silver altar of Zin.
  6038 | D:5      | Found a runed translucent door.
  6039 | D:5      | Noticed Crazy Yiuf
  6046 | D:5      | Killed Crazy Yiuf
  6046 | D:5      | Reached skill level 6 in Fighting
  6322 | D:6      | Reached skill level 7 in Long Blades
  6361 | D:6      | Reached skill level 7 in Shields
  6613 | D:6      | Noticed Menkaure
  6624 | D:6      | HP: 14/65 [Menkaure (11)]
  6627 | D:6      | Killed Menkaure
  6627 | D:6      | Reached XP level 9. HP: 28/71 MP: 9/9
  6637 | D:6      | Noticed Pikel
  6857 | D:6      | HP: 12/71 [ogre/+0 giant spiked club (15)]
  7158 | D:6      | Reached skill level 8 in Long Blades
  7326 | D:6      | Killed Pikel
  7326 | D:6      | Reached skill level 7 in Fighting
  7425 | D:6      | Reached skill level 8 in Shields
  7567 | D:6      | Noticed Grinder
  7595 | D:6      | Killed Grinder
  7810 | D:6      | Reached skill level 9 in Long Blades
  7814 | D:6      | Reached * piety under Makhleb
  7969 | D:6      | Reached skill level 1 in Dodging
  8200 | D:6      | HP: 13/74 [orc priest/divine providence (16)]
  8201 | D:6      | HP: 2/74 [orc priest/nerve-wracking pain (11)]
  8208 | D:6      | Reached XP level 10. HP: 12/80 MP: 10/10
  8211 | D:6      | HP: 12/80 [adder (1)]
  8218 | D:6      | HP: 12/80 [gnoll/+0 club (1)]
  8659 | D:6      | Reached skill level 2 in Dodging
  8711 | D:7      | Reached skill level 8 in Fighting
  8862 | D:7      | Reached skill level 10 in Long Blades
  9369 | D:7      | Reached ** piety under Makhleb
  9369 | D:7      | Reached skill level 3 in Dodging
  9390 | D:7      | HP: 20/82 [gnoll/+0 flail (6)]
  9793 | D:7      | Noticed Joseph
  9838 | D:7      | Killed Joseph
  9984 | D:7      | Reached skill level 9 in Fighting
 10231 | D:7      | Found an ornate altar of the Wu Jian Council.
 10347 | D:7      | Found a shattered altar of Ashenzari.
 10621 | D:8      | Noticed a two-headed ogre
 10631 | D:8      | Killed a two-headed ogre
 10631 | D:8      | Reached skill level 11 in Long Blades
 10631 | D:8      | Reached skill level 4 in Dodging
 10631 | D:8      | Reached XP level 11. HP: 89/89 MP: 11/11
 10877 | D:8      | Found a radiant altar of Vehumet.
 10978 | D:8      | Noticed Maurice
 11001 | D:8      | Killed Maurice
 11260 | D:8      | Noticed Prince Ribbit
 11268 | D:8      | Killed Prince Ribbit
 11332 | D:8      | Found a snail-covered altar of Cheibriados.
 11472 | D:9      | Reached *** piety under Makhleb
 11472 | D:9      | Reached skill level 5 in Dodging
 11779 | D:9      | Reached skill level 12 in Long Blades
 11936 | D:9      | Reached skill level 10 in Fighting
 11962 | D:9      | Found a staircase to the Orcish Mines.
 11995 | D:9      | HP: 22/90 [troll (7)]
 11996 | D:9      | HP: 7/90 [troll (15)]
 12004 | D:9      | HP: 20/90 [orc wizard/+0 dagger (2)]
 12010 | D:9      | HP: 22/90 [orc wizard/+0 dagger (2)]
 12129 | D:9      | Reached **** piety under Makhleb
 12202 | D:9      | Reached skill level 4 in Armour
 12995 | D:10     | Entered Level 10 of the Dungeon
 13191 | D:9      | HP: 21/92 [komodo dragon (11)]
 13219 | D:9      | HP: 19/92 [komodo dragon (20)]
 13317 | D:10     | Reached skill level 5 in Armour
 13317 | D:10     | Reached XP level 12. HP: 92/98 MP: 12/12
 13501 | D:10     | Found a staircase to the Lair.
 13572 | D:10     | Reached skill level 13 in Long Blades
 13639 | D:10     | Got a faintly glowing rapier
 13654 | D:10     | Identified the cursed +0 rapier of Harmony {pain, Str+4
                  | SInv} (You found it on level 10 of the Dungeon)
 13688 | D:10     | Noticed Maggie
 13705 | D:10     | Killed Maggie
 13792 | D:10     | Noticed an unseen horror
 13802 | D:10     | Killed an unseen horror
 13818 | D:10     | Reached skill level 6 in Armour
 13869 | D:10     | Reached skill level 11 in Fighting
 14157 | Lair:1   | Entered Level 1 of the Lair of Beasts
 14613 | Lair:1   | You fall into a shaft and drop 1 floor!
 14709 | Lair:1   | HP: 19/100 [blink frog (13)]
 14716 | Lair:1   | HP: 25/100 [blink frog (2)]
 14746 | Lair:1   | Reached skill level 7 in Armour
 14992 | Lair:1   | Reached skill level 14 in Long Blades
 15664 | Lair:2   | Noticed Erica
 15690 | Lair:2   | Killed Erica
 15690 | Lair:2   | Reached XP level 13. HP: 106/106 MP: 13/13
 15777 | Lair:2   | Noticed an eight-headed hydra
 15786 | Lair:2   | Killed a three-headed hydra
 15786 | Lair:2   | Reached ***** piety under Makhleb
 15899 | Lair:2   | Found a staircase to the Snake Pit.
 16215 | Lair:2   | Noticed a seven-headed hydra
 16226 | Lair:2   | Killed a three-headed hydra
 16247 | Lair:2   | Reached skill level 9 in Shields
 16309 | Lair:2   | Found a staircase to the Shoals.
 16600 | Lair:3   | Reached skill level 8 in Armour
 16681 | Lair:3   | Reached skill level 1 in Invocations
 16693 | Lair:3   | Reached skill level 12 in Fighting
 16736 | Lair:3   | Reached skill level 2 in Invocations
 16822 | Lair:3   | Noticed an eight-headed hydra
 16837 | Lair:3   | Killed a two-headed hydra
 16997 | Lair:3   | Found the +5 scythe "Finisher" {speed, eviscerate}
 17070 | Lair:3   | Noticed Gastronok
 17115 | Lair:3   | HP: 24/108 [Gastronok (18)]
 17116 | Lair:3   | Killed Gastronok
 17116 | Lair:3   | Reached skill level 3 in Invocations
 17185 | Lair:3   | Gained mutation: Your muscles are strong. (Str +2) [potion
                  | of mutation]
 17185 | Lair:3   | Gained mutation: You are covered in fur. (AC +1) [potion of
                  | mutation]
 17185 | Lair:3   | Gained mutation: You are partially covered in molten
                  | scales. (AC +2) [potion of mutation]
 17185 | Lair:3   | Gained mutation: You have large cloven feet. [potion of
                  | mutation]
 17480 | Lair:3   | Noticed a four-headed hydra
 17488 | Lair:3   | Killed a one-headed hydra
 17488 | Lair:3   | Reached skill level 15 in Long Blades
 18185 | Lair:4   | Reached XP level 14. HP: 116/116 MP: 16/16
 18195 | Lair:4   | Reached skill level 4 in Invocations
 18249 | Lair:4   | Reached skill level 10 in Shields
 18266 | Lair:4   | Reached skill level 9 in Armour
 18546 | Lair:4   | Found an ornate altar of the Wu Jian Council.
 19027 | Lair:5   | Reached skill level 5 in Invocations
 19105 | Lair:5   | Noticed Urug
 19131 | Lair:5   | Killed Urug
 19183 | Lair:5   | Found a dark tunnel.
 19196 | Volcano  | Entered a volcano
 19462 | Volcano  | Found a bloodstained altar of Trog.
 19498 | Volcano  | HP: 27/116 [salamander/+0 halberd (4)]
 19501 | Volcano  | HP: 6/116 [salamander/+0 halberd (9)]
 19501 | Volcano  | HP: 2/116 [salamander/+0 halberd (4)]
 19502 | Volcano  | Slain by a salamander

Illustrated notes

Levels and vault maps discovered:
D:1:      wander_arrival_fairy_ring, layout_loops_ring, patterned_corridor
D:2:      layout_loops_ring, overflow_temple_1_default,
          overflow_temple_1_default
D:3:      layout_loops_ring, lemuel_crystal_altar, cheibrodos_sewer_entry_drain
D:4:      layout_loops_corners, dancing_weapons_uskayaw, temple_hall,
          first_ration, kennysheep_flooded_box, minmay_circle_x, uniq_eustachio
D:5:      layout_basic, lemuel_doored_altar, uniq_crazy_yiuf_cottage
D:6:      layout_rooms, uniq_menkaure, uniq_grinder, uniq_pikel
D:7:      layout_cave_pods, overflow_temple_1_default, lemuel_crystal_altar,
          uniq_joseph
D:8:      layout_gridville, vehumet_statue, slow_altar_1, uniq_prince_ribbit1,
          uniq_maurice
D:9:      layout_roguey, zombieorc1_lemuel, serial_corexii_hall,
          corexii_hall_statues_l, chequers_hall_statues_corner_a,
          grunt_livestock
D:10:     layout_cave_pools, lair_entry_dummy, serial_glass, glass_columns_c,
          glass_columns_a, uniq_maggie
Temple:   dshaligram_water_room_temple
Lair:1:   layout_cave_shapes, serial_bayou_pond_c, grunt_megastairs_3,
          lemuel_fruit_tree, infiniplex_staircase_pool_2
Lair:2:   layout_cave_pods, elwin_shoals_entry_stream, dummy_snake_entry,
          uniq_erica
Lair:3:   layout_cave_pods, minivault_24, serial_bayou_shore_b,
          serial_bayou_shore_a, uniq_gastronok
Lair:4:   layout_gridlike, basic_altar, minmay_lair_oklob_chamber,
          grunt_megastairs_2
Lair:5:   layout_loops_ring, slime_altar_1, enter_volcano_1,
          infiniplex_staircase_pool, grunt_megastairs_1, uniq_urug
Volcano:  volcano_lake [vl_original]

Skill      XL: |  1  2  3  4  5  6  7  8  9 10 11 12 13 14 |
---------------+-------------------------------------------+-----
Shields        | 4 5 6 7 8 9 10 | 10.6
Long Blades    | 3 4 5 6 7 9 11 12 14 15 | 15.7
Fighting       | 4 5 6 7 9 10 11 12 | 12.8
Dodging        | 1 4 5 |  5.1
Armour         | 5 7 8 9 |  9.5
Invocations    | 3 5 |  5.6

Action                   |  1- 3 |  4- 6 |  7- 9 | 10-12 | 13-15 || total
-------------------------+-------+-------+-------+-------+-------++-------
Melee: Long sword        |    99 |   268 |   431 |   205 |       ||  1003
       Scimitar          |       |       |       |   915 |   536 ||  1451
       Kick              |       |       |       |       |   148 ||   148
Throw: Dart              |       |       |       |       |    32 ||    32
Invok: Lesser Servant of |       |       |       |     1 |       ||     1
 Abil: Dig               |       |     2 |     2 |    19 |    13 ||    36
Evoke: Wand              |       |       |       |     4 |     8 ||    12
  Use: Scroll            |       |     2 |     4 |     9 |     6 ||    21
       Potion            |       |     1 |     7 |     4 |     7 ||    19
  Eat: Chunk             |     2 |     9 |    14 |    28 |    13 ||    66
       Ration            |       |       |       |     1 |     1 ||     2
Armor: Scale mail        |    57 |    94 |       |       |       ||   151
       Plate armour      |       |    13 |   152 |       |       ||   165
       Chain mail        |       |       |    41 |   244 |       ||   285
       Swamp dragon scal |       |       |       |    53 |   154 ||   207
Dodge: Dodged            |    53 |    93 |   110 |   368 |   203 ||   827
Block: Kite shield       |    44 |   162 |   255 |   367 |   262 ||  1090
       Buckler           |       |       |       |   103 |       ||   103
       Rpst.: Long sword |    15 |    34 |    42 |    26 |       ||   117
       Scimitar          |       |       |       |    88 |    48 ||   136

Levels and vault maps discovered:
D:1:      wander_arrival_fairy_ring, layout_loops_ring, patterned_corridor
D:2:      layout_loops_ring, overflow_temple_1_default,
          overflow_temple_1_default
D:3:      layout_loops_ring, lemuel_crystal_altar, cheibrodos_sewer_entry_drain
D:4:      layout_loops_corners, dancing_weapons_uskayaw, temple_hall,
          first_ration, kennysheep_flooded_box, minmay_circle_x, uniq_eustachio
D:5:      layout_basic, lemuel_doored_altar, uniq_crazy_yiuf_cottage
D:6:      layout_rooms, uniq_menkaure, uniq_grinder, uniq_pikel
D:7:      layout_cave_pods, overflow_temple_1_default, lemuel_crystal_altar,
          uniq_joseph
D:8:      layout_gridville, vehumet_statue, slow_altar_1, uniq_prince_ribbit1,
          uniq_maurice
D:9:      layout_roguey, zombieorc1_lemuel, serial_corexii_hall,
          corexii_hall_statues_l, chequers_hall_statues_corner_a,
          grunt_livestock
D:10:     layout_cave_pools, lair_entry_dummy, serial_glass, glass_columns_c,
          glass_columns_a, uniq_maggie
Temple:   dshaligram_water_room_temple
Lair:1:   layout_cave_shapes, serial_bayou_pond_c, grunt_megastairs_3,
          lemuel_fruit_tree, infiniplex_staircase_pool_2
Lair:2:   layout_cave_pods, elwin_shoals_entry_stream, dummy_snake_entry,
          uniq_erica
Lair:3:   layout_cave_pods, minivault_24, serial_bayou_shore_b,
          serial_bayou_shore_a, uniq_gastronok
Lair:4:   layout_gridlike, basic_altar, minmay_lair_oklob_chamber,
          grunt_megastairs_2
Lair:5:   layout_loops_ring, slime_altar_1, enter_volcano_1,
          infiniplex_staircase_pool, grunt_megastairs_1, uniq_urug
Volcano:  volcano_lake [vl_original]

Table legend:
 A = Turns spent in this place as a percentage of turns spent in the entire game.
 B = Non-inter-level travel turns spent in this place as a percentage of non-inter-level travel turns spent in the entire game.
 C = Inter-level travel turns spent in this place as a percentage of turns spent in this place.
 D = Turns resting spent in this place as a percentage of non-inter-level travel turns spent in this place.
 E = Turns spent auto-exploring this place as a percentage of non-inter-level travel turns spent in this place.
 F = Non-inter-level travel turns spent in this place divided by the number of levels of this place that you've seen.
                   A       B       C       D       E      F
               +-------+-------+-------+-------+-------+----------------------
         Total | 100.0 | 100.0 |   2.5 |  20.4 |  55.2 | 1055.8
       Dungeon |  69.5 |  69.5 |   2.6 |  24.2 |  53.9 | 1321.0
        Temple |   0.5 |   0.4 |  16.1 |   0.0 |  88.5 |  78.0
          Lair |  25.8 |  25.8 |   2.6 |   9.2 |  63.0 | 981.4
         Sewer |   2.6 |   2.7 |   0.0 |  37.5 |  40.3 | 504.0
       Volcano |   1.6 |   1.6 |   0.0 |  10.1 |   0.0 | 306.0
               +-------+-------+-------+-------+-------+----------------------

Table legend:
 A = Kills in this place as a percentage of kills in entire the game.
 B = Kills by you in this place as a percentage of kills by you in the entire game.
 C = Kills by friends in this place as a percentage of kills by friends in the entire game.
 D = Other kills in this place as a percentage of other kills in the entire game.
 E = Experience gained in this place as a percentage of experience gained in the entire game.
 F = Experience gained in this place divided by the number of levels of this place that you have seen.
                   A       B       C       D       E      F
               +-------+-------+-------+-------+-------+----------------------
         Total | 100.0 | 100.0 |   N/A |   N/A | 100.0 | 3320.4
       Dungeon |  67.8 |  67.8 |   N/A |   N/A |  32.7 | 1953.1
          Lair |  28.1 |  28.1 |   N/A |   N/A |  64.2 | 7669.2
         Sewer |   2.3 |   2.3 |   N/A |   N/A |   0.2 | 130.0
       Volcano |   1.8 |   1.8 |   N/A |   N/A |   2.9 | 1760.0
               +-------+-------+-------+-------+-------+----------------------
